 Dungeon Sprint DCSS version 0.27.1-33-g824d729ab1 (webtiles) character file.

Game seed: 11870799492790161645

1826 Adenis the Imperceptible (level 8, -11/52 HPs)
             Began as a Vampire Enchanter on Dec 4, 2021.
             Was a Follower of Dithmenos.
             Mangled by a red devil (19 damage)
             ... summoned by a kobold demonologist
             ... in the Dungeon (Sprint I: "Red Sonja").
             The game lasted 00:05:26 (399 turns).

Adenis the Imperceptible (Vampire Enchanter)         Turns: 399, Time: 00:05:27

Health: -11/52     AC:  3    Str:  7    XL:     8   Next: 86%
Magic:  11/17      EV: 12    Int: 17    God:    Dithmenos [*.....]
Gold:   647        SH:  0    Dex: 17    Spells: 15/19 levels left

rFire    . . .     SeeInvis +   l - +1 dagger (drain)
rCold    . . .     Faith    .   (no shield)
rNeg     . . .     Spirit   .   b - +0 robe
rPois    .         Reflect  .   (no helmet)
rElec    .         Harm     .   m - +0 cloak
rCorr    .         Rampage  .   (no gloves)
Will     .....     NoTele   +   (no boots)
Stlth    +++++++++.             (no amulet)
HPRegen  0.37/turn              (no ring)
MPRegen  0.15/turn              (no ring)

@: healing quickly, wreathed by umbra
A: alive, fangs 3, see invisible, vampiric 2
a: Exsanguinate, Renounce Religion


You were in the Dungeon.
You worshipped Dithmenos.
Dithmenos was aware of your devotion.
You visited 1 branch You collected 647 gold pieces.

Inventory:

Hand Weapons
 a - a +1 dagger
 l - a +1 dagger of draining (weapon)
Armour
 b - a +0 robe (worn)
 m - a +0 cloak (worn)
Wands
 g - a wand of polymorph (12)
Scrolls
 h - a scroll of blinking
 j - a scroll of fear {unknown}
Potions
 c - a potion of curing
 e - a potion of haste
 f - 2 potions of magic
 i - a potion of degeneration {unknown}
 k - a potion of cancellation {unknown}


   Skills:
 * Level 7.0 Short Blades
 - Level 2.1 Dodging
 + Level 21.0 Stealth
 * Level 6.0 Spellcasting
 * Level 13.9 Hexes


You had 15 spell levels left.
You knew the following spells:

 Your Spells              Type           Power      Damage    Failure   Level
a - Corona                Hex            56%        N/A       1%          1
b - Confusing Touch       Hex            51%        N/A       1%          3

Your spell library contained the following spells:

 Spells                   Type           Power      Damage    Failure   Level
 Ensorcelled Hibernation  Hex/Ice        56%        N/A       1%          2
 Tukima's Dance           Hex            51%        N/A       1%          3
 Dazzling Flash           Conj/Hex       56%        N/A       2%          3


Dungeon Overview and Level Annotations

Branches:
Dungeon (1/1)

Altars:
Cheibriados
Dithmenos
Elyvilon
Fedhas
Gozag
Hepliaklqana
Kikubaaqudgha
Makhleb
Nemelex Xobeh
Okawaru
Qazlal
Ru
Sif Muna
Trog
Uskayaw
Vehumet
Wu Jian
Xom
Yredelemnul
Zin
The Shining One
Jiyva
Lugonu

Shops:
D **[


Innate Abilities, Weirdness & Mutations

Your natural rate of healing is accelerated.
You have razor-sharp teeth.
You have supernaturally acute eyesight. (SInv)
You are afflicted with vampirism and can become a bat while bloodless.


Message History

You catch the helpless floating eye completely off-guard!
You spit the floating eye like a pig!!!
You kill the floating eye!
Dithmenos accepts your kill.
The red devil hits you from afar with a +0 trident!
* * * LOW HITPOINT WARNING * * *
The kobold demonologist closely misses you.
Your Short Blades skill increases to level 7!
Your Stealth skill increases to level 21!
Your Spellcasting skill increases to level 6!
You feel much better. The quasit bites you. The quasit claws you.
The quasit claws you but does no damage.
The kobold demonologist gestures wildly while chanting.
The red devil hits you from afar with a +0 trident!
* * * LOW HITPOINT WARNING * * *
The kobold demonologist hits you with a +0 dagger.
* * * LOW HITPOINT WARNING * * *
You can't go up here!
Casting: Confusing Touch (safe; 1% risk of failure)
Confirm with . or Enter, or press ? or * to list all spells.
Your hands begin to glow red.
The quasit bites you.
* * * LOW HITPOINT WARNING * * *
The quasit misses you. The quasit barely misses you.
The red devil hits you from afar with a +0 trident.
* * * LOW HITPOINT WARNING * * *
The quasit closely misses you. x2
The quasit claws you but does no damage.
The kobold demonologist hits you but does no damage.
You barely miss the kobold demonologist.
You bite the kobold demonologist, but do no damage.
The quasit bites you but does no damage.
The quasit claws you but does no damage. x2
You hit the kobold demonologist but do no damage.
The red devil closely misses you.
The kobold demonologist looks satisfied for a moment.
You hit the kobold demonologist but do no damage.
The kobold demonologist appears confused.
The quasit disappears in a puff of smoke!
The red devil hits you from afar with a +0 trident!!
You die...

#####################
.'..#.)'..#__#..@§K5#
.#.)'..#..'..'..#K5.#
###'#####'#__####45.+
##..#...#.#### ####
_####..##.#
____##'#_.+
.∩...'..._#
..__##_.#'#
____###'#.# ###


You could see 2 kobold demonologists, a red devil (summoned), a quasit
(summoned), a crimson imp (summoned) and a shadow imp (summoned).

Vanquished Creatures
  Sonja (D)
  A deep troll (D)
  A slime creature (D)
  Sigmund (D)
  A yak (D)
  A floating eye (D)
  An ogre (D)
  A jelly (D)
  Ijyb (D)
9 creatures vanquished.

Notes
Turn   | Place    | Note
-------+----------+-------------------------------------------
     0 | D        | Adenis the Vampire Enchanter began the quest for the Orb.
     0 | D        | Reached XP level 1. HP: 13/13 MP: 3/3
     2 | D        | Noticed Ijyb
    16 | D        | Killed Ijyb
    17 | D        | Reached skill level 9 in Stealth
    17 | D        | Reached XP level 2. HP: 19/19 MP: 5/5
    21 | D        | Noticed an ogre
    24 | D        | Killed an ogre
    25 | D        | Reached skill level 14 in Stealth
    25 | D        | Gained mutation: You are afflicted with vampirism and can
                  | become a bat while bloodless. [Vampire growth]
    25 | D        | Reached XP level 3. HP: 20/24 MP: 6/6
    25 | D        | Reached XP level 4. HP: 25/30 MP: 7/7
    36 | D        | Noticed Sigmund
    39 | D        | Killed Sigmund
    40 | D        | Reached skill level 18 in Stealth
    40 | D        | Reached XP level 5. HP: 35/35 MP: 8/8
    40 | D        | Reached XP level 6. HP: 41/41 MP: 9/9
    45 | D        | Learned a level 3 spell: Confusing Touch
    60 | D        | Found an ornate altar of the Wu Jian Council.
    60 | D        | Found a shimmering blue altar of Sif Muna.
    62 | D        | Found a radiant altar of Vehumet.
    67 | D        | Reached skill level 5 in Hexes
    79 | D        | Found Fiarph's General Store.
    79 | D        | Found an ancient bone altar of Kikubaaqudgha.
    79 | D        | Found a hazy altar of Hepliaklqana.
    79 | D        | Found a stormy altar of Qazlal.
    79 | D        | Found a hide-covered altar of Uskayaw.
    79 | D        | Found a blossoming altar of Fedhas.
    79 | D        | Found a bloodstained altar of Trog.
    79 | D        | Found an iron altar of Okawaru.
    79 | D        | Found a basalt altar of Yredelemnul.
    79 | D        | Found a snail-covered altar of Cheibriados.
    79 | D        | Found a sacrificial altar of Ru.
    79 | D        | Found a shadowy altar of Dithmenos.
    79 | D        | Noticed a yak
    85 | D        | Killed a yak
    86 | D        | Found an opulent altar of Gozag.
    87 | D        | Found a sparkling altar of Nemelex Xobeh.
    95 | D        | Became a worshipper of Dithmenos the Shadowed
   209 | D        | Noticed Sonja
   213 | D        | Killed Sonja
   214 | D        | Reached skill level 5 in Short Blades
   214 | D        | Reached skill level 19 in Stealth
   214 | D        | Reached XP level 7. HP: 46/46 MP: 11/14
   214 | D        | Reached XP level 8. HP: 52/52 MP: 11/15
   236 | D        | Noticed a deep troll
   240 | D        | Killed a deep troll
   241 | D        | Reached skill level 20 in Stealth
   241 | D        | Reached skill level 5 in Spellcasting
   252 | D        | Found Toatil's Armour Emporium.
   288 | D        | Found Ofrium's General Store.
   318 | D        | Found a burning altar of Makhleb.
   318 | D        | Found a viscous altar of Jiyva.
   318 | D        | Found a shimmering altar of Xom.
   318 | D        | Found a corrupted altar of Lugonu.
   318 | D        | Noticed a slime creature
   325 | D        | Killed a slime creature
   325 | D        | Reached * piety under Dithmenos
   387 | D        | Noticed a kobold demonologist
   388 | D        | Noticed a kobold demonologist
   389 | D        | Paralysed by a floating eye for 4 turns
   390 | D        | Noticed a red devil
   395 | D        | Reached skill level 21 in Stealth
   399 | D        | Mangled by a red devil

Illustrated notes

Levels and vault maps discovered:
D:        dungeon_sprint_1 [red_sonja_temple_1, red_sonja_temple_small_1]

Skill      XL: |  1  2  3  4  5  6  7  8 |
---------------+-------------------------+-----
Stealth        | 9 14 18 19 21 | 21.0
Hexes          | 11 13 | 13.9
Short Blades   | 5 7 |  7.0
Spellcasting   | 4 6 |  6.0
Dodging        | |  2.1

Action                   |  1- 3 |  4- 6 |  7- 9 || total
-------------------------+-------+-------+-------++-------
Melee: Dagger            |    13 |     8 |    10 ||    31
       Bite              |     1 |       |     1 ||     2
 Cast: Confusing Touch   |       |     1 |     3 ||     4
  Use: Potion            |     1 |       |     1 ||     2
 Stab: Sleeping          |     1 |     3 |     1 ||     5
       Confused          |       |     2 |     2 ||     4
Armor: Robe              |       |       |     6 ||     6
Dodge: Dodged            |     1 |     2 |     7 ||    10
